 Dungeon Crawl Stone Soup version 0.18.1-8-gdd0e5ea (webtiles) character file.

3054 nikopol the Spear-Bearer (level 9, -10/81 HPs)
             Began as a Minotaur Berserker on June 2, 2016.
             Was a High Priest of Trog.
             Mangled by a stone giant skeleton (27 damage)
             ... on level 1 of the Abyss.
             The game lasted 00:22:40 (7105 turns).

nikopol the Spear-Bearer (Minotaur Berserker)       Turns: 7105, Time: 00:22:41

Health: -10/81     AC:  7    Str: 24    XL:     9   Next: 57%
Magic:  8/8        EV: 17    Int:  4    God:    Trog [*****.]
Gold:   378        SH:  0    Dex: 17    Spells: 0 memorised, 8 levels left

rFire  . . .     SeeInvis .     x - +0 spear
rCold  . . .     Gourm    .     D - +1 leather armour {MR+}
rNeg   . . .     Faith    .     (no shield)
rPois  .         Spirit   .     (helmet restricted)
rElec  .         Dismiss  .     (no cloak)
rCorr  .         Reflect  .     d - +0 pair of gloves
SustAt .         Harm     .     j - +0 pair of boots
MR     ++...                    E - amulet of inaccuracy (curse)
Stlth  +.........               O - +6 ring of dexterity
                                g - ring of protection from magic

@: exhausted, studying Polearms, very resistant to hostile enchantments, very
unstealthy
A: retaliatory headbutt, horns 2
a: Berserk, Trog's Hand, Brothers in Arms, Burn Spellbooks, Renounce Religion


You were on level 1 of the Abyss.
You worshipped Trog.
Trog was extremely pleased with you.
You were hungry.

You visited 1 branch of the dungeon, and saw 7 of its levels.
You visited the Abyss 1 time.

You collected 378 gold pieces.

Inventory:

Hand Weapons
 c - a +0 shortbow
 x - a +0 spear (weapon)
Missiles
 o - 54 arrows
Armour
 b - a +0 animal skin
 d - a +0 pair of gloves (worn)
 j - a +0 pair of boots (worn)
 u - a +0 ring mail
 D - a +1 leather armour of magic resistance (worn)
Jewellery
 g - a ring of protection from magic (left hand)
 A - an uncursed amulet of guardian spirit
 B - an uncursed ring of flight
 E - a cursed amulet of inaccuracy (around neck)
 M - a +5 ring of protection
 O - a +6 ring of dexterity (right hand)
Scrolls
 a - a scroll of fear {unknown}
 f - 5 scrolls of teleportation {unknown}
 i - 4 scrolls of remove curse {unknown}
 l - a scroll of immolation {unknown}
 q - 8 scrolls of identify {unknown}
 t - 4 scrolls of enchant armour {unknown}
 y - 2 scrolls of blinking {unknown}
 F - 2 scrolls of enchant weapon {unknown}
 H - 2 scrolls of magic mapping {unknown}
 I - a scroll of fog {unknown}
 J - a scroll of random uselessness {unknown}
Potions
 e - 2 potions of invisibility {unknown}
 k - a potion of degeneration {unknown}
 n - 5 potions of haste {unknown}
 r - a potion of heal wounds {unknown}
 v - 2 potions of flight {unknown}
 w - 3 potions of magic {unknown}
 z - 3 potions of curing {unknown}
 K - a potion of ambrosia {unknown}
 P - a potion of mutation {unknown}
Books
 C - a manual of Polearms
 L - a book of Alchemy

   Spells                             Type                      Level
   a - Sublimation of Blood           Necromancy                   2
   b - Ignite Poison                  Fire/Transmutation/Poison    3
   c - Petrify                        Transmutation/Earth          4
   d - Alistair's Intoxication        Transmutation/Poison         5
   e - Irradiate                      Conjuration/Transmutation    5
   Trog disapproves of the use of such an item.
Comestibles
 h - 9 fruits
 m - 4 beef jerkies
 p - 4 meat rations
 s - 5 slices of pizza
 G - 8 bread rations


   Skills:
 + Level 8.2 Fighting
 * Level 11.3 Polearms
 + Level 3.3 Bows
 + Level 7.8 Armour
 + Level 7.2 Dodging


You had 8 spell levels left.
You didn't know any spells.

Dungeon Overview and Level Annotations

Branches:
Dungeon (7/15)             Temple (0/1) D:6

Altars:
Cheibriados
Gozag
Okawaru

Shops:
D:7 =

Annotations:
D:5 2 runed doors


Innate Abilities, Weirdness & Mutations

You reflexively headbutt those who attack you in melee.
You have a pair of horns on your head.


Message History

You headbutt the stone giant skeleton!
You are feeling hungry.
You hit the stone giant skeleton but do no damage.
You headbutt the stone giant skeleton, but do no damage.
The stone giant skeleton hits you!
You hit the stone giant skeleton. You headbutt the stone giant skeleton.
You hit the stone giant skeleton but do no damage.
You headbutt the stone giant skeleton, but do no damage.
The stone giant skeleton closely misses you.
You hit the stone giant skeleton but do no damage.
You hit the stone giant skeleton. You headbutt the stone giant skeleton!
You puncture the stone giant skeleton! The stone giant skeleton hits you!!
* * * LOW HITPOINT WARNING * * *
You hit the stone giant skeleton. You headbutt the stone giant skeleton!
You barely miss the stone giant skeleton.
The stone giant skeleton closely misses you.
You hit the stone giant skeleton. You headbutt the stone giant skeleton.
You hit the stone giant skeleton but do no damage.
The stone giant skeleton hits you!!
You die...

# #.. ..#...
#.##..# #
#..#.#
#..###.# .#
......... .#
##.#...#.#.#
#.. ...#..#
.....#.#Z.#
# .......@.#
##.##..##.#
#.##.#. ###
. ..##. .##
..


You could see a stone giant skeleton.

Vanquished Creatures
  A large abomination (Abyss:1)
  A steam dragon (D:7)
  An orc warrior (D:7)
  2 sky beasts
  2 black bears (D:7)
  3 phantoms
  A centaur (D:5)
  2 ogres
  A gnoll sergeant (D:7)
  A water moccasin zombie (D:6)
  3 scorpions
  2 crimson imps
  5 orc priests
  5 hounds
  A jelly (D:5)
  8 orc wizards
  A gnoll shaman (D:5)
  3 iguanas
  2 worker ants
  A hound skeleton (D:4)
  A howler monkey zombie (D:5)
  A worker ant zombie (D:5)
  19 gnolls
  10 adders
  4 oozes
  2 adder zombies
  An adder skeleton (D:5)
  2 worms (D:3)
  5 dart slugs
  3 giant geckos
  19 orcs
  4 giant cockroaches
  6 goblins
  4 hobgoblins
  3 jackals (D:5)
  3 quokkas
  2 ball pythons
  5 bats
  A giant gecko skeleton (D:5)
  6 giant newts
  A jackal skeleton (D:6)
  5 kobolds
  A quokka skeleton (D:5)
  3 rats
157 creatures vanquished.

Notes
Turn   | Place    | Note
--------------------------------------------------------------
     0 | D:1      | nikopol the Minotaur Berserker began the quest for the Orb.
     0 | D:1      | Reached XP level 1. HP: 19/19 MP: 0/0
   451 | D:1      | Reached skill level 4 in Polearms
   451 | D:1      | Reached XP level 2. HP: 27/27 MP: 1/1
   785 | D:2      | Reached XP level 3. HP: 15/33 MP: 2/2
  1147 | D:2      | Reached ** piety under Trog
  1363 | D:2      | Found an opulent altar of Gozag.
  1453 | D:2      | Reached XP level 4. HP: 38/40 MP: 3/3
  1966 | D:3      | Found a snail-covered altar of Cheibriados.
  2076 | D:3      | Reached XP level 5. HP: 36/47 MP: 4/4
  2077 | D:3      | Reached skill level 5 in Polearms
  2122 | D:3      | Reached *** piety under Trog
  2775 | D:4      | Reached XP level 6. HP: 55/55 MP: 5/5
  2780 | D:4      | Reached skill level 5 in Fighting
  3165 | D:4      | Reached skill level 5 in Armour
  3256 | D:4      | Reached XP level 7. HP: 61/61 MP: 6/6
  3278 | D:4      | Reached **** piety under Trog
  3278 | D:4      | Reached skill level 6 in Polearms
  3814 | D:4      | Reached skill level 5 in Dodging
  3894 | D:5      | Entered Level 5 of the Dungeon
  4272 | D:5      | Found a large runed door.
  4272 | D:5      | Found a large runed door.
  4507 | D:5      | Found a large runed door.
  4508 | D:5      | Found a large runed door.
  4563 | D:5      | Reached XP level 8. HP: 51/71 MP: 7/7
  4620 | D:5      | Reached skill level 7 in Polearms
  5313 | D:5      | Reached skill level 8 in Polearms
  5318 | D:5      | Reached skill level 1 in Bows
  5731 | D:6      | Found a staircase to the Ecumenical Temple.
  6015 | D:7      | Found Wasuilyu's Jewellery Shop.
  6101 | D:7      | Reached skill level 9 in Polearms
  6250 | D:7      | Reached XP level 9. HP: 53/79 MP: 8/8
  6424 | D:7      | Reached ***** piety under Trog
  6527 | D:7      | Found an iron altar of Okawaru.
  6543 | D:7      | Reached skill level 10 in Polearms
  6919 | D:7      | Noticed a hill giant
  6922 | D:7      | Cast into level 1 of the Abyss (orc wizard)
  7031 | Abyss:1  | Noticed a large abomination
  7031 | Abyss:1  | Noticed a giant orange brain
  7058 | Abyss:1  | Killed a large abomination
  7058 | Abyss:1  | Reached skill level 11 in Polearms
  7105 | Abyss:1  | Mangled by a stone giant skeleton

Skill      XL: |  1  2  3  4  5  6  7  8  9 |
---------------+----------------------------+-----
Polearms       | 4 5 6 9 11 | 11.3
Armour         | 3 4 5 6 7 |  7.8
Fighting       | 4 5 6 7 8 |  8.2
Dodging        | 3 4 5 6 7 |  7.2
Bows           | 2 3 |  3.3

Action                   |  1- 3 |  4- 6 |  7- 9 || total
-------------------------+-------+-------+-------++-------
Melee: Spear             |    83 |   151 |   384 ||   618
       Headbutt          |     9 |    32 |    81 ||   122
 Fire: Shortbow          |       |       |    43 ||    43
Invok: Berserk           |       |     3 |     5 ||     8
       Burn Spellbooks   |       |       |     3 ||     3
 Stab: Sleeping          |     2 |       |     1 ||     3
  Eat: Chunk             |     2 |     7 |    13 ||    22
       Royal jelly       |       |       |     2 ||     2
       Pizza             |       |       |     1 ||     1
Armor: Animal skin       |     8 |       |       ||     8
       Ring mail         |       |    21 |    44 ||    65
       Leather armour    |       |       |    34 ||    34
Dodge: Dodged            |    25 |    50 |   167 ||   242
